 Dungeon Crawl Stone Soup version 0.30.1-11-g7821555f0a (webtiles) character file.

Game seed: 805939084405440857

48536 Kallu the Wrestler (level 14, -7/121 HPs)
             Began as a Ghoul Monk on Jan 8, 2024.
             Was the Champion of Wu Jian.
             Mangled by a skeletal warrior
             ... wielding a +0 halberd
             ... led by a death knight
              (11 damage)
             ... on level 13 of the Dungeon.
             The game lasted 00:37:50 (16605 turns).

Kallu the Wrestler (Ghoul Monk)                    Turns: 16605, Time: 00:37:51

Health: -7/121     AC: 16    Str: 20    XL:     14   Next: 46%
Magic:  13/13      EV: 12    Int:  5    God:    Wu Jian [******]
Gold:   1140       SH:  5    Dex: 17    Spells: 13/13 levels left

rFire   . .          .
                       - Unarmed
rCold   + . .        c - orb {light}
rNeg    + + +        K - +0 plate armour
rPois   ∞            W - +0 helmet
rElec   .            k - +2 cloak
rCorr   .            (no gloves)
SInv    .            (no boots)
Will    +....        j - amulet of reflection Stlth
                     t - +6 ring of dexterity
HPRegen 0.00/turn    Q - +5 ring of evasion
MPRegen 0.13/turn

%: reflection
@: inhibited regen, glowing
A: claws 1, cold resistance 1, negative energy resistance 3, inhibited
regeneration, torment resistance 2, devour on kill
a: Renounce Religion, Wall Jump, Serpent's Lash, Heavenly Storm


You were on level 13 of the Dungeon.
You worshipped Wu Jian.
Wu Jian was exalted by your worship.
You visited 3 branches of the dungeon, and saw 19 of its levels.

You collected 1140 gold pieces.

Inventory:

Missiles
 f - 6 atropa-tipped darts (quivered)
 m - 6 curare-tipped darts
 q - 2 datura-tipped darts
 L - 4 throwing nets
Armour
 c - an orb of light (worn)
 k - a +2 cloak (worn)
 K - a +0 plate armour (worn)
 W - a +0 helmet (worn)
Jewellery
 j - an amulet of reflection (around neck)
 t - a +6 ring of dexterity (left claw)
 Q - a +5 ring of evasion (right claw)
 R - a +6 ring of dexterity
 S - a +5 ring of evasion
 T - a ring of flight
 X - an amulet of regeneration
Wands
 w - a wand of flame (47)
 E - a wand of mindburst (7)
 F - a wand of polymorph (18)
 H - a wand of acid (12)
 I - a wand of iceblast (16)
 N - a wand of paralysis (10)
Scrolls
 a - a scroll of butterflies
 d - 3 scrolls of fear
 e - 14 scrolls of teleportation
 i - 2 scrolls of immolation
 o - 2 scrolls of amnesia
 p - 2 scrolls of enchant armour
 r - 5 scrolls of blinking
 x - 4 scrolls of vulnerability
 z - a scroll of torment
 A - 2 scrolls of fog
 D - 5 scrolls of enchant weapon
 O - 2 scrolls of noise
 P - 2 scrolls of poison
 U - a scroll of acquirement {unknown}
 Y - 3 scrolls of identify
Potions
 b - a potion of ambrosia
 g - a potion of berserk rage {unknown}
 h - 7 potions of attraction
 l - a potion of heal wounds
 n - 3 potions of haste {unknown}
 s - 4 potions of invisibility
 u - 6 potions of curing
 v - 3 potions of flight {unknown}
 B - a potion of magic
 C - 3 potions of brilliance
 G - 3 potions of resistance
 J - 3 potions of degeneration {unknown}
 Z - a potion of cancellation {unknown}
Miscellaneous
 y - a lightning rod (4/4)
 M - a phantom mirror
 V - a tin of tremorstones (2/2)


   Skills:
 * Level 10.3 Fighting
 - Level 5.0 Armour
 - Level 4.0 Dodging
 + Level 23.5 Unarmed Combat


You had 13 spell levels left.
You didn't know any spells.
Your spell library contained the following spells:

 Spells                   Type           Power      Damage    Failure   Level
 Apportation              Tloc           0%         N/A       100%        1
 Foxfire                  Conj/Fire      0%         2x1d4     100%        1
 Necrotise                Necr           0%         1d4       100%        1
 Summon Small Mammal      Summ           0%         N/A       100%        1
 Call Canine Familiar     Summ           0%         N/A       100%        3
 Summon Guardian Golem    Hex/Summ       0%         N/A       100%        3
 Vampiric Draining        Necr           0%         2d6       100%        3
 Vhi's Electric Charge    Tloc/Air       0%         N/A       100%        3
 Volatile Blastmotes      Fire/Tloc      0%         2d10      100%        3
 Fulminant Prism          Conj/Hex       0%         3d5       100%        4
 Iskenderun's Mystic Bla  Conj/Tloc      0%         2d3       100%        4
 Agony                    Necr           0%         N/A       100%        5
 Arcjolt                  Conj/Air       0%         1d10      100%        5
 Fireball                 Conj/Fire      0%         3d3       100%        5
 Lee's Rapid Deconstruct  Erth           0%         3d4*      100%        5
 Plasma Beam              Fire/Air       0%         2x1d11    100%        6
 Starburst                Conj/Fire      0%         6d3       100%        6
 Maxwell's Capacitive Co  Air            0%         ∞         100%        8


Dungeon Overview and Level Annotations

Branches:
Dungeon (13/15)            Temple (1/1) D:6            Lair (5/5) D:10
  Swamp (0/4) Lair:2       Spider (0/4) Lair:3        Slime (0/5) Lair:5
    Orc (0/2) D:11
 Vaults: D:13-14

Altars:
Ashenzari
Cheibriados
Dithmenos
Fedhas
Gozag
Hepliaklqana
Kikubaaqudgha
Makhleb
Nemelex Xobeh
Okawaru
Qazlal
Ru
Sif Muna
Trog
Uskayaw
Vehumet
Wu Jian
Xom
Yredelemnul
Jiyva

Shops:
D:2 =

Portals:
Trove: D:11 (give 9 potions of haste)

Annotations:
D:5 1 transporter, waddelsworth's ghost, amateur OpCj
Lair:4 2 runed translucent doors, mihai's ghost, journeyman MiFi
Lair:5 1 runed translucent door


Innate Abilities, Weirdness & Mutations

You are immune to poison.
You have sharp fingernails.
Your flesh is cold resistant. (rC+)
You are immune to negative energy. (rN+++)
You do not regenerate when monsters are visible.
You are immune to unholy pain and torment.
You thrive by killing the living.


Message History

You claw the freezing wraith!
The freezing wraith is heavily damaged.
The skeletal warrior hits you from afar with a +0 halberd!!
The freezing wraith hits you but does no damage. x2
You claw the freezing wraith!
The freezing wraith is almost destroyed.
The freezing wraith hits you. The freezing wraith freezes you. You resist.
The freezing wraith hits you. The freezing wraith drains your vigour!
You feel yourself slow down.
The skeletal warrior hits you from afar with a +0 halberd!
You scratch the freezing wraith but do no damage.
The freezing wraith is almost destroyed.
You scratch the freezing wraith but do no damage.
The freezing wraith is almost destroyed.
The freezing wraith hits you. The freezing wraith freezes you. You resist.
The freezing wraith hits you but does no damage.
The skeletal warrior hits you from afar with a +0 halberd!
You claw the freezing wraith!
You destroy the freezing wraith!
The Council accepts your kill.
The skeletal warrior hits you from afar with a +0 halberd.
The phantasmal warrior gestures at you.
The phantasmal warrior blinks!
The skeletal warrior barely misses you.
The phantasmal warrior attacks as you move away!
The phantasmal warrior hits you but does no damage.
The phantasmal warrior gestures at you.
The phantasmal warrior blinks!
You lunge at the phantasmal warrior, in a flurry of attacks.
You scratch the phantasmal warrior but do no damage.
You scratch the phantasmal warrior.
The phantasmal warrior is lightly damaged.
The phantasmal warrior closely misses you.
The skeletal warrior barely misses you. The phantasmal warrior hits you!!
* * * LOW HITPOINT WARNING * * *
There is a stone staircase leading up here.
You feel yourself speed up. The phantasmal warrior hits you!!
* * * LOW HITPOINT WARNING * * *
The skeletal warrior hits you from afar with a +0 halberd!
You die...

.########
..>.(...########### #####
...).........)z.@W# #....
.######.#########.# #....
#.# #######.#### #####....
#.. ...........####........
##########..........###....
..........##### #####
#.#######.# # #.#######
#.......#


You could see a skeletal warrior and a phantasmal warrior.

Vanquished Creatures
  Josephine (D:11)
  Erolcha (D:12)
  4 hydras (Lair:2)
  An ice dragon (Lair:5)
  A boulder beetle (D:11)
  A centaur warrior (D:13)
  3 two-headed ogres
  A death knight (D:13)
  A lindwurm (Lair:5)
  Pikel (D:7)
  3 deep elf pyromancers
  2 ugly things (D:13)
  A cyclops (D:12)
  2 manticores
  3 black mambas
  An ice statue (Lair:5)
  Joseph (D:7)
  5 elephants
  5 cane toads
  An unseen horror (D:13)
  13 komodo dragons
  A kobold demonologist (D:12)
  3 rime drakes (Lair:5)
  2 freezing wraiths (D:13)
  6 polar bears
  5 trolls
  13 blink frogs
  Grinder (D:3)
  19 dream sheep
  A culicivora (Lair:3)
  3 jumping spiders (Lair:3)
  3 slime creatures (D:13)
  5 wraiths
  25 yaks
  2 shadows (D:10)
  4 wyverns
  2 basilisks (Lair:4)
  12 vampire mosquitoes
  A redback (Lair:3)
  Menkaure (D:5)
  A steam dragon (D:7)
  An acid dragon (D:10)
  2 swamp worms (Lair:2)
  Duvessa (D:5)
  16 water moccasins
  2 swamp drakes (Lair:5)
  6 orc warriors
  A sky beast (D:8)
  11 ice beasts
  22 wolves
  7 centaurs
  3 lemures (D:7)
  A phantom (D:5)
  5 kobold brigands
  9 bullfrogs
  3 scorpions
  2 gnoll sergeants
  6 wights
  Dowan (D:5)
  3 killer bees (D:8)
  A howler monkey (D:7)
  4 electric eels
  3 jellies
  5 orc priests
  8 hounds
  3 gnoll boudas
  Terence (D:2)
  7 iguanas
  17 orc wizards
  7 hell rats (Lair:5)
  A mummy (D:10)
  21 gnolls
  7 adders
  2 shadow imps
  3 white imps
  2 worms
  29 orcs
  7 endoplasms
  4 giant cockroaches
  7 goblins
  10 hobgoblins
  4 quokkas
  4 ball pythons
  5 bats
  A frilled lizard (D:1)
  25 kobolds
  3 rats
455 creatures vanquished.

Vanquished Creatures (collateral kills)
  An acid dragon (Lair:5)
1 creature vanquished.

Grand Total: 456 creatures vanquished

Notes
Turn   | Place    | Note
-------+----------+-------------------------------------------
     0 | D:1      | Kallu the Ghoul Monk began the quest for the Orb.
     0 | D:1      | Reached XP level 1. HP: 19/19 MP: 0/0
    26 | D:1      | Reached XP level 2. HP: 23/26 MP: 1/1
    65 | D:1      | Reached skill level 4 in Unarmed Combat
    72 | D:1      | Found a faded altar of an unknown god.
   514 | D:2      | Reached XP level 3. HP: 31/31 MP: 2/2
   600 | D:2      | Reached skill level 5 in Unarmed Combat
   639 | D:2      | Reached XP level 4. HP: 27/38 MP: 3/3
   851 | D:2      | Found Bual's Jewellery Shop.
   854 | D:2      | Noticed Terence
   864 | D:2      | Killed Terence
  1000 | D:2      | Found a bloodstained altar of Trog.
  1217 | D:3      | Reached skill level 6 in Unarmed Combat
  1451 | D:3      | Noticed Grinder
  1497 | D:3      | Reached XP level 5. HP: 45/45 MP: 4/4
  1503 | D:3      | Paralysed by Grinder for 3 turns
  1519 | D:3      | Killed Grinder
  1520 | D:3      | Reached skill level 7 in Unarmed Combat
  1520 | D:3      | Reached XP level 6. HP: 13/51 MP: 5/5
  1725 | D:4      | Reached skill level 8 in Unarmed Combat
  1848 | D:4      | Reached XP level 7. HP: 52/57 MP: 6/6
  2545 | D:5      | Entered Level 5 of the Dungeon
  2556 | D:5      | Noticed Dowan
  2559 | D:5      | Noticed Duvessa
  2613 | D:5      | Reached skill level 9 in Unarmed Combat
  2697 | D:5      | Noticed Menkaure
  2700 | D:5      | Killed Menkaure
  2878 | D:5      | Noticed waddelsworth's ghost (amateur OpCj)
  2879 | D:5      | Found a transporter.
  2904 | D:5      | Reached skill level 10 in Unarmed Combat
  2904 | D:5      | Reached XP level 8. HP: 54/63 MP: 7/7
  2996 | D:5      | Killed Dowan
  3009 | D:5      | Killed Duvessa
  3172 | D:5      | Reached skill level 11 in Unarmed Combat
  3451 | D:6      | Found a staircase to the Ecumenical Temple.
  3460 | Temple   | Entered the Ecumenical Temple
  3697 | Temple   | Became a worshipper of the Wu Jian Council
  3697 | Temple   | Reached * piety under Wu Jian
  3697 | Temple   | Reached ** piety under Wu Jian
  3990 | D:6      | Reached skill level 1 in Armour
  4792 | D:7      | Reached skill level 5 in Fighting
  5015 | D:7      | Noticed Pikel
  5027 | D:7      | Killed Pikel
  5028 | D:7      | Reached XP level 9. HP: 55/75 MP: 8/8
  5311 | D:7      | Noticed Joseph
  5325 | D:7      | Killed Joseph
  5326 | D:7      | Reached skill level 12 in Unarmed Combat
  5328 | D:7      | Reached *** piety under Wu Jian
  5637 | D:8      | Found a shimmering blue altar of Sif Muna.
  5691 | D:8      | Reached skill level 13 in Unarmed Combat
  5844 | D:8      | Reached XP level 10. HP: 83/83 MP: 9/9
  5938 | D:8      | Found a stormy altar of Qazlal.
  6281 | D:8      | Reached skill level 14 in Unarmed Combat
  6767 | D:9      | Reached **** piety under Wu Jian
  6805 | D:9      | Reached skill level 15 in Unarmed Combat
  7259 | D:10     | Entered Level 10 of the Dungeon
  7267 | D:10     | Found a staircase to the Lair.
  8068 | D:10     | Found a snail-covered altar of Cheibriados.
  8092 | Lair:1   | Entered Level 1 of the Lair of Beasts
  8114 | Lair:1   | Noticed a cane toad
  8119 | Lair:1   | Killed a cane toad
  8120 | Lair:1   | Reached XP level 11. HP: 61/89 MP: 10/10
  8128 | Lair:1   | Reached skill level 5 in Armour
  8137 | Lair:1   | Reached skill level 16 in Unarmed Combat
  8834 | Lair:1   | Reached ***** piety under Wu Jian
  9038 | Lair:2   | Noticed a five-headed hydra
  9049 | Lair:1   | Reached skill level 17 in Unarmed Combat
  9285 | Lair:2   | Noticed an eight-headed hydra
  9705 | Lair:2   | Noticed an eight-headed hydra
  9708 | Lair:2   | Killed a five-headed hydra
  9709 | Lair:2   | Reached skill level 18 in Unarmed Combat
  9970 | Lair:2   | Killed an eight-headed hydra
 10175 | Lair:1   | Reached XP level 12. HP: 55/96 MP: 11/11
 10333 | Lair:2   | Killed an eight-headed hydra
 10365 | Lair:2   | Noticed an eight-headed hydra
 10378 | Lair:2   | Killed an eight-headed hydra
 10548 | Lair:2   | Found a staircase to the Swamp.
 10676 | Lair:3   | Reached skill level 19 in Unarmed Combat
 10851 | Lair:3   | Reached skill level 20 in Unarmed Combat
 11623 | Lair:3   | Found a hole to the Spider Nest.
 11746 | Lair:4   | Found a runed translucent door.
 11749 | Lair:4   | Noticed a six-headed hydra
 11874 | Lair:4   | You fall into a shaft and drop 1 floor!
 11874 | Lair:5   | Entered Level 5 of the Lair of Beasts
 12470 | Lair:4   | Found a runed translucent door.
 12471 | Lair:4   | Noticed mihai's ghost (journeyman MiFi)
 12471 | Lair:4   | Noticed a boulder beetle
 12505 | Lair:4   | Reached skill level 21 in Unarmed Combat
 12509 | Lair:4   | Reached XP level 13. HP: 90/102 MP: 12/12
 12565 | Lair:5   | Noticed an ice dragon
 12629 | Lair:5   | Killed an ice dragon
 12727 | Lair:5   | Reached skill level 22 in Unarmed Combat
 12859 | Lair:5   | Identified the +5 great sword "Noshoriegh" {heavy, rF+}
 13100 | Lair:5   | Found a runed translucent door.
 13101 | Lair:5   | Noticed an azure jelly
 13102 | Lair:5   | Found a viscous altar of Jiyva.
 13102 | Lair:5   | Found a staircase to the Slime Pits.
 13364 | Lair:5   | Noticed a fire dragon
 13818 | D:11     | Noticed Josephine
 13873 | D:11     | Reached skill level 23 in Unarmed Combat
 14148 | D:11     | Killed Josephine
 14626 | D:11     | Found a staircase to the Orcish Mines.
 14730 | D:11     | Found a portal to a secret trove of treasure.
 15073 | D:12     | Reached XP level 14. HP: 88/113 MP: 13/13
 15220 | D:12     | Noticed Erolcha
 15225 | D:12     | Killed Erolcha
 15733 | D:12     | Reached ****** piety under Wu Jian
 16454 | D:13     | Reached skill level 10 in Fighting
 16605 | D:13     | HP: 4/121 [phantasmal warrior[a death knight] (29)]
 16605 | D:13     | Mangled by a skeletal warrior

Illustrated notes

Levels and vault maps discovered:
D:1:      minmay_arrival_up_and_down, layout_rooms, basic_ecumenical_altar
D:2:      layout_basic, serial_shops, nicolae_shop_getting_attention,
          basic_altar, uniq_terence
D:3:      layout_rooms, minivault_23, uniq_grinder
D:4:      layout_loops_ring, serial_aquarium, aquarium_bridge_straight
          [aquarium_subvault_bridge, aquarium_subvault_balcony,
          aquarium_subvault_bridge, aquarium_subvault_wall],
          aquarium_window_fake, aquarium_window_fake, aquarium_window_1,
          aquarium_window_corridor_3, aquarium_view_2f, aquarium_view_2c,
          aquarium_pool_four, chequers_garden
D:5:      cheibrodos_quashed, layout_loops_ring, gammafunk_ghost_smash,
          uniq_duvessa, uniq_menkaure
D:6:      layout_loops_ring, minmay_temple_entry_sparse_star,
          minmay_misc_feat_room
D:7:      layout_cave_pods, uniq_joseph, uniq_pikel
D:8:      layout_loops_cross, overflow_temple_1_default,
          mainiacjoe_overflow_big_doors
D:9:      layout_long_grid
D:10:     layout_roguey, slow_altar_2, erik_lair_island
D:11:     layout_irregular_city, david_orc_1_choice,
          nicolae_trove_entry_columns, billiards_dpeg, uniq_josephine
D:12:     layout_basic, chequers_serial_rivers_micro_b, uniq_erolcha
D:13:     layout_loops_ring
Temple:   eino_narrow_crystal_temple
Lair:1:   statuecave_lemuel, layout_chaotic_city, basic_altar,
          lemuel_old_faithful
Lair:2:   layout_misc_corridors, palyth_hydra_swamp_entry,
          nicolae_quartered_pool_super
Lair:3:   layout_loops_ring, spider_nest_entry_funnel_web, lemuel_fruit_fields
Lair:4:   layout_roguey, ebering_ghost_inner_flame, pf_torpor_hydra
Lair:5:   guppyfry_lair_end_dragon, layout_hall_layers, slime_entry_2,
          ice2_lemuel, grunt_megastairs_4, infiniplex_staircase_pool

Skill      XL: |  1  2  3  4  5  6  7  8  9 10 11 12 13 14 |
---------------+-------------------------------------------+-----
Unarmed Combat | 4 5 6 7 8 10 11 13 15 18 21 23 | 23.5
Fighting       | 6 7 10 | 10.3
Armour         | 2 4 5 |  5.0
Dodging        | 4 |  4.0

Action                     |  1- 3 |  4- 6 |  7- 9 | 10-12 | 13-15 || total
---------------------------+-------+-------+-------+-------+-------++-------
  Melee: Unarmed           |    66 |    87 |   269 |   586 |   483 ||  1491
  Throw: Dart              |       |       |    13 |       |       ||    13
 Invoke: Heavenly Storm    |       |       |       |     1 |       ||     1
Ability: Whirlwind         |       |       |    46 |   164 |    97 ||   307
         Lunge             |       |       |    23 |    42 |    59 ||   124
         Wall Jump         |       |       |    19 |    30 |    10 ||    59
  Evoke: Wand              |       |       |       |     6 |       ||     6
         Phantom mirror    |       |       |       |     1 |     1 ||     2
    Use: Scroll            |       |     3 |     5 |    15 |     7 ||    30
         Potion            |       |       |     1 |       |     2 ||     3
 Armour: Ring mail         |    18 |    19 |    51 |    28 |       ||   116
         Robe              |     3 |       |       |       |       ||     3
         Plate armour      |       |       |       |   151 |   129 ||   280
  Dodge: Dodged            |    32 |    30 |    95 |   200 |   136 ||   493
  Block: Orb               |       |       |     3 |    85 |    60 ||   148
         Reflection        |       |       |       |     4 |     3 ||     7
